 Dungeon Crawl Stone Soup version 0.24-a0-445-gd5110b030a (webtiles) character file.

Game seed: 16110941551198302869

5944 theanonym the Martial Artist (level 10, -10/83 HPs)
             Began as a Black Draconian Transmuter on June 22, 2019.
             Was a High Priest of Cheibriados.
             Killed by divine providence
             ... invoked by an orc priest
              (13 damage)
             ... on level 9 of the Dungeon.
             The game lasted 00:18:38 (9804 turns).

theanonym the Martial Artist (DrTm)                 Turns: 9804, Time: 00:18:39

Health: -10/83     AC: 10    Str: 23    XL:     10   Next: 54%
Magic:  7/17       EV: 15    Int: 27    God:    Cheibriados [*****.]
Gold:   501        SH:  0    Dex: 24    Spells: 5/19 levels left

rFire    . . .     SeeInvis .     - Unarmed
rCold    . . .     Gourm    .   (shield currently unavailable)
rNeg     . . .     Faith    .   (armour unavailable)
rPois    .         Spirit   .   (helmet restricted)
rElec    +         Reflect  .   k - +2 cloak
rCorr    .         Harm     .   (gloves currently unavailable)
MR       +....                  (no boots)
Stlth    ++........             (no amulet)
HPRegen  0.23/turn              d - ring of wizardry
MPRegen  0.15/turn              u - ring of protection from magic

@: about to teleport, blade hands, very slightly contaminated, very slow
A: breathe lightning, unfitting armour, electricity resistance, cold-blooded, AC
+7
a: Breathe Lightning, End Transformation, Bend Time, Temporal Distortion,
Slouch, Step From Time, Renounce Religion


Innate Abilities, Weirdness & Mutations

You can breathe wild blasts of lightning.
Your glossy black scales are hard. (AC +7)
You cannot fit into any form of body armour.
You are resistant to electric shocks. (rElec)
You are cold-blooded and may be slowed by cold attacks.


   Skills:
 + Level 5.9 Fighting
 + Level 4.2 Dodging
 + Level 10.0 Unarmed Combat
 - Level 5.0 Spellcasting
 - Level 1.1 Conjurations
 + Level 7.4 Transmutations
 - Level 5.0 Ice Magic
 - Level 2.0 Air Magic
 - Level 1.1 Poison Magic
 + Level 1.4 Invocations


You had 5 spell levels left.
You knew the following spells:

 Your Spells              Type           Power        Failure   Level  Hunger
a - Blade Hands           Tmut           #####.....   21%         5    #####..
b - Ice Form              Ice/Tmut       #####...     14%         4    ###....
c - Sticks to Snakes      Tmut           #####...     4%          2    None
d - Mephitic Cloud        Conj/Pois/Air  ##......     22%         3    #......

Your spell library contained the following spells:

 Spells                   Type           Power        Failure   Level  Hunger
 Beastly Appendage        Tmut           #####.       4%          1    None
 Spider Form              Tmut/Pois      ####......   12%         3    #......
 Poisonous Vapours        Pois/Air       ###...       14%         2    None
 Conjure Flame            Conj/Fire      #.......     28%         3    #......
 Freezing Cloud           Conj/Ice/Air   ###.......   95%         6    ######.
 Ring of Flames           Chrm/Fire      #.........   100%        7    #######

Skill      XL: |  1  2  3  4  5  6  7  8  9 10 |
---------------+-------------------------------+-----
Unarmed Combat | 5 6 7 8 9 10 | 10.0
Transmutations | 3 4 5 6 7 |  7.4
Ice Magic      | 2 3 4 5 |  5.0
Spellcasting   | 4 5 |  5.0
Fighting       | 3 4 5 |  5.9
Dodging        | 3 4 |  4.2
Air Magic      | 2 |  2.0
Conjurations   | 1 |  1.1
Poison Magic   | 1 |  1.1
Invocations    | 1 |  1.4

Action                   |  1- 3 |  4- 6 |  7- 9 | 10-12 || total
-------------------------+-------+-------+-------+-------++-------
Melee: Unarmed           |    71 |   162 |   247 |   107 ||   587
       Tailslap          |     6 |    15 |    16 |    34 ||    71
       Kick              |     2 |     2 |     3 |       ||     7
       Headbutt          |     3 |     7 |       |       ||    10
       Punch             |       |     2 |     6 |     4 ||    12
 Cast: Beastly Appendage |     7 |    12 |     3 |       ||    22
       Ice Form          |       |     3 |    14 |       ||    17
       Sticks to Snakes  |       |     2 |     4 |       ||     6
       Blade Hands       |       |       |    17 |    19 ||    36
       Mephitic Cloud    |       |       |       |     2 ||     2
 Abil: Breathe Lightning |       |       |     3 |       ||     3
Evoke: Wand              |       |       |     5 |     1 ||     6
  Use: Potion            |     5 |       |       |       ||     5
       Scroll            |       |    12 |     8 |     3 ||    23
 Stab: Sleeping          |     1 |       |     3 |       ||     4
       Distracted        |       |       |       |     1 ||     1
       Confused          |       |       |       |     1 ||     1
  Eat: Chunk             |     1 |     4 |    12 |     8 ||    25
       Ration            |       |     2 |     1 |       ||     3
Armor: Skin              |    22 |    46 |    62 |    23 ||   153
Dodge: Dodged            |    61 |    78 |   122 |    66 ||   327

Inventory:

Missiles
 a - 114 arrows
 l - a throwing net (quivered)
Armour
 k - a +2 cloak (worn)
 o - a +2 pair of gloves (melded)
Jewellery
 d - a ring of wizardry (left scythe-like blade)
 u - a ring of protection from magic (right scythe-like blade)
 z - an uncursed ring of see invisible
Wands
 j - a wand of enslavement (5)
 x - a wand of iceblast (2)
Scrolls
 c - a scroll of immolation
 f - a scroll of fog
 i - a scroll of amnesia
 n - 3 scrolls of remove curse
 r - a scroll of identify
 t - a scroll of teleportation
 y - a scroll of magic mapping
Potions
 b - a potion of cancellation
 g - a potion of flight
 h - a potion of haste
 m - 2 potions of might
 p - 2 potions of lignification
 q - 2 potions of heal wounds
 v - a potion of brilliance
 w - 5 potions of curing
Miscellaneous
 A - a lamp of fire
Comestibles
 e - 20 rations
 s - 3 chunks of flesh


You were on level 9 of the Dungeon.
You worshipped Cheibriados.
Cheibriados was extremely pleased with you.
You were hungry.
You had blades for hands.
You visited 2 branches of the dungeon, and saw 10 of its levels.

You collected 501 gold pieces.

Dungeon Overview and Level Annotations

Branches:
Dungeon (9/15)             Temple (1/1) D:4
   Lair: D:8-11         Orc: D:9-12

Altars:
Ashenzari
Cheibriados
Dithmenos
Elyvilon
Fedhas
Gozag
Hepliaklqana
Kikubaaqudgha
Makhleb
Nemelex Xobeh
Okawaru
Qazlal
Ru
Sif Muna
Trog
Uskayaw
Vehumet
Wu Jian
Xom
Yredelemnul
Zin
The Shining One

Shops:
D:8 (

Annotations:
D:2 2 transporters
D:9 1 runed translucent door

###. .o .# #... #o#.#
##.. ..... ##.. # #o#.# #
#... #. #.#.# .# #...
#..#######o#§##.### ##..#
#........§ooa§..... #...#
#.#####...#§§@O§# ##...
#.....'...'§§§§§# ##....
##########...#§§§§§#####.
#.....
.......................'.
#.....
########################.
##.... #..... ##....
##... #..#


You could see a two-headed ogre, a worker ant, an orc priest and 2 orcs.

Notes
Turn   | Place    | Note
-------+----------+-------------------------------------------
     0 | D:1      | theanonym the Draconian Transmuter began the quest for the
                  | Orb.
     0 | D:1      | Reached XP level 1. HP: 16/16 MP: 3/3
   709 | D:2      | Noticed Sigmund
   737 | D:1      | Reached XP level 2. HP: 18/23 MP: 3/5
   824 | D:2      | HP: 11/23 [jackal (3)]
   830 | D:2      | HP: 8/23 [jackal (1)]
  1046 | D:2      | Learned a level 2 spell: Sticks to Snakes
  1104 | D:2      | HP: 10/23 [Sigmund/cursed -1 scythe (13)]
  1112 | D:2      | HP: 4/23 [goblin/stone (3)]
  1113 | D:2      | Killed Sigmund
  1113 | D:2      | Reached skill level 5 in Unarmed Combat
  1113 | D:2      | Reached skill level 3 in Transmutations
  1113 | D:2      | Reached XP level 3. HP: 5/28 MP: 3/6
  1113 | D:2      | Reached XP level 4. HP: 7/35 MP: 3/7
  1113 | D:2      | Reached XP level 5. HP: 8/40 MP: 3/8
  1403 | D:2      | Noticed a centaur
  1422 | D:2      | Found a transporter.
  1496 | D:2      | Noticed Terence
  1522 | D:2      | Killed Terence
  1770 | D:2      | Found a runed translucent door.
  1771 | D:2      | Noticed Crazy Yiuf
  1807 | D:2      | Found a transporter.
  1835 | D:2      | Learned a level 4 spell: Ice Form
  1894 | D:2      | Found a stormy altar of Qazlal.
  1960 | D:2      | Killed Crazy Yiuf
  2119 | D:3      | Found an opulent altar of Gozag.
  2120 | D:3      | Found a white marble altar of Elyvilon.
  2120 | D:3      | Found a shimmering altar of Xom.
  2317 | D:3      | Reached XP level 6. HP: 47/47 MP: 6/9
  2321 | D:3      | Reached skill level 4 in Transmutations
  2321 | D:3      | Reached skill level 1 in Ice Magic
  2843 | D:4      | Reached skill level 6 in Unarmed Combat
  2990 | D:4      | Found a staircase to the Ecumenical Temple.
  2999 | Temple   | Entered the Ecumenical Temple
  3206 | Temple   | Became a worshipper of Cheibriados the Contemplative
  3339 | D:4      | Reached skill level 2 in Ice Magic
  3443 | D:4      | Your scales start taking on a glossy black colour.
  3443 | D:4      | Reached XP level 7. HP: 45/52 MP: 10/10
  3443 | D:4      | Gained mutation: You are resistant to electric shocks.
                  | (rElec) [Black Draconian growth]
  3701 | D:5      | Entered Level 5 of the Dungeon
  3958 | D:5      | Reached * piety under Cheibriados
  4027 | D:5      | Found a blossoming altar of Fedhas.
  4151 | D:5      | HP: 29/62 [gnoll/+0 halberd (6)]
  4761 | D:5      | Found a hide-covered altar of Uskayaw.
  4793 | D:5      | Reached skill level 7 in Unarmed Combat
  4933 | D:6      | Reached skill level 5 in Transmutations
  4953 | D:6      | Reached skill level 3 in Ice Magic
  5188 | D:6      | Reached XP level 8. HP: 54/59 MP: 7/12
  5364 | D:6      | Reached skill level 3 in Spellcasting
  5382 | D:6      | Reached ** piety under Cheibriados
  5596 | D:6      | Noticed Prince Ribbit
  5602 | D:6      | Killed Prince Ribbit
  5602 | D:6      | Reached skill level 2 in Fighting
  5843 | D:6      | Learned a level 5 spell: Blade Hands
  5917 | D:7      | HP: 25/61 [yak (7)]
  5927 | D:7      | Reached skill level 4 in Spellcasting
  6060 | D:7      | Reached skill level 8 in Unarmed Combat
  6163 | D:7      | Reached skill level 3 in Fighting
  6163 | D:7      | Reached skill level 4 in Ice Magic
  6379 | D:7      | Reached XP level 9. HP: 63/70 MP: 6/15
  6817 | D:7      | HP: 26/70 [orc warrior/+0 flail (10)]
  6818 | D:7      | Reached *** piety under Cheibriados
  6819 | D:7      | HP: 8/70 [ogre/+0 giant club (10)]
  6825 | D:7      | Reached skill level 2 in Dodging
  7114 | D:7      | Reached skill level 5 in Spellcasting
  7114 | D:7      | Reached skill level 6 in Transmutations
  7120 | D:7      | Learned a level 3 spell: Mephitic Cloud
  7433 | D:7      | Noticed Joseph
  7452 | D:7      | Killed Joseph
  7452 | D:7      | Reached skill level 4 in Fighting
  7452 | D:7      | Reached skill level 9 in Unarmed Combat
  7762 | D:8      | Found a deep blue altar of Sif Muna.
  7842 | D:8      | Noticed a two-headed ogre
  7960 | D:8      | Reached skill level 5 in Ice Magic
  7960 | D:8      | Reached skill level 1 in Air Magic
  8042 | D:8      | Reached skill level 1 in Conjurations
  8042 | D:8      | Reached skill level 1 in Poison Magic
  8045 | D:8      | Reached skill level 3 in Dodging
  8052 | D:8      | HP: 36/72 [hog (2)]
  8055 | D:8      | Reached skill level 2 in Air Magic
  8055 | D:8      | Reached XP level 10. HP: 40/80 MP: 8/17
  8057 | D:8      | HP: 37/80 [hog (4)]
  8308 | D:8      | Found Cesmok's Weapon Shop.
  8420 | D:8      | Reached **** piety under Cheibriados
  8495 | D:8      | Found an ancient bone altar of Kikubaaqudgha.
  8682 | D:8      | Found a blossoming altar of Fedhas.
  8790 | D:8      | Reached skill level 5 in Fighting
  9012 | D:9      | Reached skill level 7 in Transmutations
  9156 | D:9      | Reached skill level 4 in Dodging
  9305 | D:9      | Found a glowing golden altar of the Shining One.
  9407 | D:9      | Reached ***** piety under Cheibriados
  9535 | D:9      | Reached skill level 10 in Unarmed Combat
  9613 | D:9      | Found a runed translucent door.
  9620 | D:9      | Reached skill level 1 in Invocations
  9677 | D:9      | Found an iron altar of Okawaru.
  9801 | D:9      | HP: 41/83 [two-headed ogre/+0 giant spiked club (17)]
  9802 | D:9      | HP: 14/83 [two-headed ogre/+0 giant spiked club (19)]
  9804 | D:9      | HP: 3/83 [two-headed ogre/+0 giant spiked club (11)]
  9804 | D:9      | Killed from afar by an orc priest

Vanquished Creatures
  Joseph (D:7)
  A komodo dragon (D:9)
  A troll (D:9)
  Prince Ribbit (D:6)
  Sigmund (D:2)
  A human (D:8)
  2 yaks (D:7)
  4 hogs (D:8)
  A vampire mosquito (D:7)
  An orc warrior (D:7)
  A necrophage (D:8)
  A sky beast (D:8)
  A black bear (D:7)
  2 phantoms (D:9)
  2 ice beasts
  7 ogres
  A centaur (D:7)
  A wyvern zombie (D:9)
  3 bullfrogs
  A gnoll sergeant (D:7)
  A wyvern skeleton (D:9)
  A water moccasin zombie (D:9)
  4 scorpions
  7 wights (D:7)
  An electric eel (D:7)
  3 howler monkeys (D:9)
  4 crimson imps
  A bullfrog zombie (D:5)
  Crazy Yiuf (D:2)
  A centaur skeleton (D:8)
  3 jellies
  3 orc priests (D:8)
  4 hounds
  10 orc wizards
  Terence (D:2)
  7 worker ants
  A hound zombie (D:9)
  2 hound skeletons
  A worker ant zombie (D:5)
  A howler monkey skeleton (D:7)
  10 adders
  10 gnolls
  A shadow imp (D:9)
  An ooze (D:5)
  An adder zombie (D:5)
  An adder skeleton (D:8)
  4 worms
  2 dart slugs
  3 leopard geckos
  38 orcs
  3 bats
  6 giant cockroaches
  3 goblins
  5 hobgoblins
  12 jackals
  7 kobolds
  3 quokkas
  2 frilled lizards
  2 leopard gecko skeletons
  A leopard gecko zombie (D:5)
  A quokka skeleton (D:9)
  A quokka zombie (D:5)
  5 rats
213 creatures vanquished.

Vanquished Creatures (collateral kills)
  A wight (D:7)
1 creature vanquished.

Vanquished Creatures (others)
  A yak (D:7)
  7 fungi (D:8)
8 creatures vanquished.

Grand Total: 222 creatures vanquished

Table legend:
 A = Turns spent in this place as a percentage of turns spent in the entire game.
 B = Non-inter-level travel turns spent in this place as a percentage of non-inter-level travel turns spent in the entire game.
 C = Inter-level travel turns spent in this place as a percentage of turns spent in this place.
 D = Turns resting spent in this place as a percentage of non-inter-level travel turns spent in this place.
 E = Turns spent auto-exploring this place as a percentage of non-inter-level travel turns spent in this place.
 F = Non-inter-level travel turns spent in this place divided by the number of levels of this place that you've seen.
                   A       B       C       D       E      F
               +-------+-------+-------+-------+-------+----------------------
         Total | 100.0 | 100.0 |   4.2 |  30.6 |  54.3 | 938.9
       Dungeon |  97.6 |  98.1 |   3.8 |  31.2 |  53.4 | 1022.9
        Temple |   2.4 |   1.9 |  23.4 |   0.0 |  98.4 | 183.0
               +-------+-------+-------+-------+-------+----------------------
